[ AOE2 MATCH · #505636949 ]
UnrankedKoreans vs Wu
Player's team · WIN
Rival team · LOSS
[ REPLAY ANALYSIS · EXTRACTED FROM THE RECORDED GAME ]
Feudal
21:13
Castle
24:45
Imperial
30:22
| APM avg | 57.3 |
| APM peak | 99 |
| eAPM avg | 23.7 |
| Villagers / military | 60 / 18 |
Focus
⚔️ 33.5% · 🌾 66.5%
War Wagon ×13 · Fishing Ship ×6 · Bombard Cannon ×2 · Trebuchet (Packed) ×2 · Monk ×1
Feudal
20:54
Castle
24:39
Imperial
—
| APM avg | 67.7 |
| APM peak | 135 |
| eAPM avg | 37.5 |
| Villagers / military | 71 / 2 |
Focus
⚔️ 32.9% · 🌾 67.1%
Unknown (1968) ×36 · Fishing Ship ×13 · Unknown (1105) ×2 · Monk ×1 · Battering Ram ×1
Match map
Initial resources + every placement click. Lines = walls · curves = elevation contours. ◆ gold · ⬟ stone · ● berries · ✦ relic · ◌ wall gap
Your base· ✓ Closed at 24:45 · 26t walls · no gate
OS+ | R4v3N_'s base· ✓ Closed at 24:39 · 50t walls · 1 gate(s)
Smoothed initial terrain · ◌ = detected wall gap · hover for details
Inputs per minute
— Oni.DauT - - OS+ | R4v3N_
Build order — Oni.DauT
First 150 of 158 actions detected
| 0:01 | Create | Villager (Male) ×4 |
| 0:02 | Build | House |
| 0:03 | Build | House |
| 1:13 | Research | Loom |
| 1:18 | Create | Villager (Male) |
| 1:34 | Create | Villager (Male) |
| 2:32 | Create | Villager (Male) |
| 2:32 | Create | Villager (Male) |
| 3:20 | Create | Villager (Male) |
| 3:28 | Build | Palisade Wall |
| 3:55 | Create | Villager (Male) |
| 4:17 | Build | House |
| 4:23 | Create | Villager (Male) |
| 4:54 | Create | Villager (Male) |
| 5:10 | Build | Palisade Wall |
| 5:12 | Build | Palisade Wall |
| 5:26 | Create | Villager (Male) |
| 5:49 | Create | Villager (Male) |
| 6:17 | Create | Villager (Male) |
| 6:38 | Create | Villager (Male) |
| 7:04 | Create | Villager (Male) |
| 8:03 | Create | Villager (Male) |
| 8:03 | Create | Villager (Male) |
| 8:07 | Create | Villager (Male) |
| 8:14 | Create | Villager (Male) |
| 8:36 | Create | Villager (Male) |
| 8:56 | Build | House |
| 9:25 | Build | Palisade Gate |
| 9:32 | Build | Palisade Wall |
| 9:38 | Create | Villager (Male) |
| 10:12 | Create | Villager (Male) |
| 10:22 | Create | Villager (Male) |
| 10:31 | Build | Palisade Wall |
| 10:40 | Create | Villager (Male) |
| 11:12 | Create | Villager (Male) |
| 11:15 | Build | Palisade Wall |
| 11:18 | Build | Palisade Wall |
| 11:22 | Create | Villager (Male) |
| 11:48 | Build | House |
| 12:08 | Build | Palisade Wall |
| 12:10 | Build | Palisade Wall |
| 12:10 | Build | Palisade Wall |
| 12:51 | Build | Palisade Wall |
| 12:51 | Build | Palisade Wall |
| 12:53 | Build | Palisade Wall |
| 12:56 | Build | Palisade Wall |
| 13:19 | Build | Palisade Wall |
| 13:32 | Create | Villager (Male) |
| 13:44 | Build | Mill |
| 13:44 | Create | Villager (Male) |
| 13:45 | Create | Villager (Male) |
| 14:02 | Create | Villager (Male) |
| 14:29 | Create | Villager (Male) |
| 14:58 | Create | Villager (Male) |
| 15:04 | Build | Palisade Wall |
| 15:16 | Create | Villager (Male) |
| 15:22 | Build | Palisade Wall |
| 15:24 | Build | Palisade Wall |
| 15:30 | Create | Villager (Male) |
| 15:47 | Create | Villager (Male) |
| 16:05 | Create | Villager (Male) |
| 16:23 | Create | Villager (Male) |
| 16:30 | Build | Lumber Camp |
| 16:33 | Build | Palisade Wall |
| 16:39 | Build | House |
| 16:56 | Build | House |
| 16:58 | Build | Dock |
| 17:00 | Create | Villager (Male) |
| 17:33 | Build | House |
| 17:35 | Create | Villager (Male) |
| 17:40 | Create | Fishing Ship |
| 18:15 | Create | Villager (Male) |
| 18:20 | Create | Fishing Ship |
| 18:34 | Build | Mining Camp |
| 18:47 | Create | Fishing Ship |
| 19:01 | Create | Villager (Male) |
| 19:03 | Research | Feudal Age |
| 19:30 | Create | Fishing Ship |
| 19:40 | Create | Villager (Male) |
| 19:53 | Build | Farm |
| 19:55 | Build | Farm |
| 20:23 | Build | Farm |
| 20:37 | Create | Fishing Ship |
| 21:13 | Age | Feudal Age |
| 21:17 | Build | Market |
| 21:29 | Create | Villager (Male) |
| 21:33 | Build | Blacksmith |
| 22:02 | Research | Double-Bit Axe |
| 22:05 | Research | Castle Age |
| 22:05 | Research | Castle Age |
| 22:22 | Build | Mining Camp |
| 22:52 | Build | Fish Trap |
| 22:57 | Create | Villager (Male) |
| 23:02 | Build | Fish Trap |
| 23:46 | Create | Fishing Ship |
| 24:29 | Research | Tech 906 |
| 24:37 | Build | Fish Trap |
| 24:41 | Build | Fish Trap |
| 24:45 | Age | Castle Age |
| 24:52 | Build | House |
| 25:04 | Create | Villager (Male) |
| 25:32 | Build | Castle |
| 25:40 | Create | Villager (Male) |
| 25:42 | Build | Farm |
| 25:57 | Build | Lumber Camp |
| 26:06 | Build | Monastery |
| 26:07 | Create | Villager (Male) |
| 26:24 | Build | Farm |
| 27:12 | Research | Imperial Age |
| 27:30 | Research | Gold Mining |
| 27:38 | Create | Monk |
| 27:57 | Create | War Wagon |
| 28:04 | Research | Bow Saw |
| 28:05 | Research | Bow Saw |
| 28:09 | Create | War Wagon |
| 28:22 | Build | Fish Trap |
| 28:28 | Research | Fletching |
| 28:35 | Build | Fish Trap |
| 28:54 | Build | Lumber Camp |
| 29:06 | Create | War Wagon |
| 29:23 | Research | Bodkin Arrow |
| 29:25 | Create | War Wagon |
| 29:38 | Create | War Wagon |
| 29:59 | Create | Villager (Male) |
| 30:09 | Build | University |
| 30:22 | Age | Imperial Age |
| 30:29 | Create | Trebuchet (Packed) |
| 31:04 | Research | Chemistry |
| 31:12 | Create | Trebuchet (Packed) |
| 31:38 | Build | Siege Workshop |
| 32:00 | Create | Villager (Male) |
| 32:05 | Create | War Wagon |
| 32:30 | Research | Bracer |
| 32:39 | Create | Villager (Male) |
| 32:46 | Build | Palisade Gate |
| 32:54 | Build | House |
| 32:58 | Create | War Wagon |
| 32:58 | Create | War Wagon |
| 33:07 | Create | Villager (Male) |
| 33:08 | Create | Villager (Male) |
| 33:21 | Research | Ballistics |
| 33:22 | Research | Ballistics |
| 33:36 | Build | Palisade Wall |
| 33:50 | Build | Palisade Wall |
| 33:58 | Create | War Wagon |
| 34:03 | Create | War Wagon |
| 34:10 | Create | Villager (Male) |
| 34:18 | Create | War Wagon |
| 34:41 | Create | Bombard Cannon |
| 34:47 | Create | Villager (Male) |
Build order — OS+ | R4v3N_
First 150 of 206 actions detected
| 0:00 | Create | Villager (Male) |
| 0:00 | Create | Villager (Male) |
| 0:00 | Create | Villager (Male) |
| 0:01 | Build | House |
| 0:02 | Build | House |
| 0:16 | Create | Villager (Male) |
| 0:16 | Create | Villager (Male) |
| 0:28 | Research | Loom |
| 0:29 | Create | Villager (Male) |
| 0:29 | Create | Villager (Male) |
| 0:29 | Create | Villager (Male) |
| 1:36 | Build | Palisade Wall |
| 2:04 | Create | Villager (Male) |
| 2:05 | Create | Villager (Male) |
| 2:36 | Create | Villager (Male) |
| 2:36 | Create | Villager (Male) |
| 3:23 | Create | Villager (Male) |
| 3:24 | Create | Villager (Male) |
| 4:02 | Create | Villager (Male) |
| 4:02 | Create | Villager (Male) |
| 4:25 | Build | Palisade Gate |
| 4:53 | Create | Villager (Male) |
| 4:53 | Create | Villager (Male) |
| 5:27 | Create | Villager (Male) |
| 5:28 | Create | Villager (Male) |
| 5:46 | Build | Palisade Wall |
| 5:55 | Create | Villager (Male) |
| 6:28 | Create | Villager (Male) |
| 6:29 | Create | Villager (Male) |
| 7:02 | Create | Villager (Male) |
| 7:46 | Create | Villager (Male) |
| 8:02 | Create | Villager (Male) |
| 8:02 | Create | Villager (Male) |
| 8:28 | Build | Palisade Wall |
| 8:43 | Create | Villager (Male) |
| 8:43 | Create | Villager (Male) |
| 8:45 | Build | House |
| 9:33 | Create | Villager (Male) |
| 9:33 | Create | Villager (Male) |
| 10:09 | Create | Villager (Male) |
| 10:09 | Create | Villager (Male) |
| 10:41 | Build | Palisade Wall |
| 10:44 | Build | Palisade Wall |
| 10:45 | Build | Palisade Wall |
| 10:46 | Build | Palisade Wall |
| 10:50 | Build | Palisade Wall |
| 10:51 | Create | Villager (Male) |
| 10:51 | Create | Villager (Male) |
| 10:52 | Build | Palisade Wall |
| 10:54 | Build | Palisade Wall |
| 11:06 | Create | Villager (Male) |
| 11:23 | Build | Palisade Wall |
| 11:41 | Build | Palisade Wall |
| 11:48 | Build | Palisade Wall |
| 11:49 | Build | Palisade Wall |
| 11:59 | Build | Palisade Wall |
| 11:59 | Build | Palisade Wall |
| 12:02 | Build | Mill |
| 12:11 | Build | House |
| 12:19 | Build | Palisade Wall |
| 12:38 | Build | Palisade Wall |
| 12:40 | Build | Palisade Wall |
| 12:46 | Create | Villager (Male) |
| 13:02 | Build | Palisade Wall |
| 13:13 | Build | Palisade Wall |
| 13:19 | Build | Palisade Wall |
| 13:25 | Build | Palisade Wall |
| 13:30 | Create | Villager (Male) |
| 13:30 | Create | Villager (Male) |
| 13:43 | Build | Palisade Wall |
| 13:46 | Build | Palisade Wall |
| 14:05 | Build | Palisade Wall |
| 14:05 | Create | Villager (Male) |
| 14:05 | Create | Villager (Male) |
| 14:15 | Build | Palisade Wall |
| 14:22 | Build | Palisade Wall |
| 14:28 | Create | Villager (Male) |
| 14:29 | Create | Villager (Male) |
| 14:39 | Build | Palisade Wall |
| 14:50 | Build | House |
| 14:51 | Create | Villager (Male) |
| 15:19 | Build | Palisade Wall |
| 15:45 | Build | Palisade Wall |
| 15:46 | Build | Palisade Wall |
| 15:49 | Build | Palisade Wall |
| 15:50 | Build | Palisade Wall |
| 15:58 | Create | Villager (Male) |
| 15:59 | Create | Villager (Male) |
| 15:59 | Create | Villager (Male) |
| 16:03 | Build | Palisade Wall |
| 16:07 | Build | Palisade Wall |
| 16:10 | Build | Palisade Wall |
| 16:11 | Build | Palisade Wall |
| 16:14 | Build | Palisade Wall |
| 16:20 | Build | Palisade Wall |
| 16:24 | Build | Palisade Wall |
| 16:27 | Create | Villager (Male) |
| 16:28 | Build | House |
| 17:21 | Build | Lumber Camp |
| 17:47 | Create | Villager (Male) |
| 18:17 | Create | Villager (Male) |
| 18:21 | Build | Dock |
| 18:44 | Research | Feudal Age |
| 18:54 | Build | Mining Camp |
| 19:21 | Create | Fishing Ship |
| 19:27 | Build | House |
| 19:59 | Create | Fishing Ship |
| 20:45 | Create | Villager (Male) |
| 20:45 | Create | Villager (Male) |
| 20:54 | Age | Feudal Age |
| 21:00 | Build | Market |
| 21:22 | Build | Blacksmith |
| 21:59 | Research | Castle Age |
| 21:59 | Research | Castle Age |
| 22:17 | Build | Mining Camp |
| 22:42 | Create | Fishing Ship |
| 22:42 | Create | Fishing Ship |
| 22:56 | Create | Fishing Ship |
| 23:24 | Research | Double-Bit Axe |
| 23:25 | Research | Double-Bit Axe |
| 23:27 | Create | Fishing Ship |
| 24:00 | Build | House |
| 24:39 | Age | Castle Age |
| 24:39 | Research | Tech 906 |
| 24:44 | Build | Castle |
| 24:54 | Build | Fish Trap |
| 24:57 | Build | Fish Trap |
| 25:00 | Create | Villager (Male) |
| 25:01 | Create | Villager (Male) |
| 25:36 | Create | Fishing Ship |
| 25:40 | Research | Fletching |
| 25:49 | Create | Unit 1968 |
| 25:49 | Create | Unit 1968 |
| 25:51 | Create | Villager (Male) |
| 25:57 | Create | Unit 1968 |
| 25:57 | Create | Unit 1968 |
| 25:59 | Create | Villager (Male) |
| 26:24 | Create | Unit 1968 |
| 26:24 | Create | Unit 1968 |
| 26:34 | Create | Unit 1968 |
| 26:34 | Create | Unit 1968 |
| 26:41 | Create | Villager (Male) |
| 26:46 | Create | Unit 1968 |
| 27:03 | Build | Fish Trap |
| 27:07 | Create | Villager (Male) |
| 27:12 | Create | Unit 1968 |
| 27:12 | Create | Unit 1968 |
| 27:17 | Create | Unit 1968 |
| 27:21 | Create | Unit 1968 |
| 27:38 | Create | Villager (Male) |
Match timeline
| 1:36 | OS+ | R4v3N_ · wall_segment Palisade Wall x8 |
| 3:28 | Oni.DauT · wall_segment Palisade Wall x5 |
| 5:10 | Oni.DauT · wall_segment Palisade Wall x1 |
| 5:12 | Oni.DauT · wall_segment Palisade Wall x1 |
| 5:46 | OS+ | R4v3N_ · wall_segment Palisade Wall x1 |
| 8:28 | OS+ | R4v3N_ · wall_segment Palisade Wall x5 |
| 9:32 | Oni.DauT · wall_segment Palisade Wall x8 |
| 10:31 | Oni.DauT · wall_segment Palisade Wall x3 |
| 10:41 | OS+ | R4v3N_ · wall_segment Palisade Wall x1 |
| 10:44 | OS+ | R4v3N_ · wall_segment Palisade Wall x1 |
| 10:45 | OS+ | R4v3N_ · wall_segment Palisade Wall x1 |
| 10:46 | OS+ | R4v3N_ · wall_segment Palisade Wall x1 |
| 10:50 | OS+ | R4v3N_ · wall_segment Palisade Wall x1 |
| 10:52 | OS+ | R4v3N_ · wall_segment Palisade Wall x1 |
| 10:54 | OS+ | R4v3N_ · wall_segment Palisade Wall x1 |
| 11:15 | Oni.DauT · wall_segment Palisade Wall x1 |
| 11:18 | Oni.DauT · wall_segment Palisade Wall x1 |
| 11:23 | OS+ | R4v3N_ · wall_segment Palisade Wall x1 |
| 11:41 | OS+ | R4v3N_ · wall_segment Palisade Wall x1 |
| 11:48 | OS+ | R4v3N_ · wall_segment Palisade Wall x1 |
| 11:49 | OS+ | R4v3N_ · wall_segment Palisade Wall x1 |
| 11:59 | OS+ | R4v3N_ · wall_segment Palisade Wall x1 |
| 11:59 | OS+ | R4v3N_ · wall_segment Palisade Wall x1 |
| 12:08 | Oni.DauT · wall_segment Palisade Wall x1 |
| 12:10 | Oni.DauT · wall_segment Palisade Wall x1 |
| 12:10 | Oni.DauT · wall_segment Palisade Wall x1 |
| 12:19 | OS+ | R4v3N_ · wall_segment Palisade Wall x1 |
| 12:38 | OS+ | R4v3N_ · wall_segment Palisade Wall x1 |
| 12:40 | OS+ | R4v3N_ · wall_segment Palisade Wall x1 |
| 12:51 | Oni.DauT · wall_segment Palisade Wall x1 |
| 12:51 | Oni.DauT · wall_segment Palisade Wall x1 |
| 12:53 | Oni.DauT · wall_segment Palisade Wall x1 |
| 12:56 | Oni.DauT · wall_segment Palisade Wall x1 |
| 13:02 | OS+ | R4v3N_ · wall_segment Palisade Wall x1 |
| 13:13 | OS+ | R4v3N_ · wall_segment Palisade Wall x1 |
| 13:19 | Oni.DauT · wall_segment Palisade Wall x1 |
| 13:19 | OS+ | R4v3N_ · wall_segment Palisade Wall x1 |
| 13:25 | OS+ | R4v3N_ · wall_segment Palisade Wall x3 |
| 13:43 | OS+ | R4v3N_ · wall_segment Palisade Wall x1 |
| 13:46 | OS+ | R4v3N_ · wall_segment Palisade Wall x1 |
| 14:05 | OS+ | R4v3N_ · wall_segment Palisade Wall x1 |
| 14:15 | OS+ | R4v3N_ · wall_segment Palisade Wall x1 |
| 14:22 | OS+ | R4v3N_ · wall_segment Palisade Wall x1 |
| 14:39 | OS+ | R4v3N_ · wall_segment Palisade Wall x1 |
| 15:04 | Oni.DauT · wall_segment Palisade Wall x3 |
| 15:19 | OS+ | R4v3N_ · wall_segment Palisade Wall x1 |
| 15:22 | Oni.DauT · wall_segment Palisade Wall x2 |
| 15:24 | Oni.DauT · wall_segment Palisade Wall x1 |
| 15:45 | OS+ | R4v3N_ · wall_segment Palisade Wall x1 |
| 15:46 | OS+ | R4v3N_ · wall_segment Palisade Wall x1 |
| 15:49 | OS+ | R4v3N_ · wall_segment Palisade Wall x1 |
| 15:50 | OS+ | R4v3N_ · wall_segment Palisade Wall x1 |
| 16:03 | OS+ | R4v3N_ · wall_segment Palisade Wall x1 |
| 16:07 | OS+ | R4v3N_ · wall_segment Palisade Wall x1 |
| 16:10 | OS+ | R4v3N_ · wall_segment Palisade Wall x1 |
| 16:11 | OS+ | R4v3N_ · wall_segment Palisade Wall x1 |
| 16:14 | OS+ | R4v3N_ · wall_segment Palisade Wall x1 |
| 16:20 | OS+ | R4v3N_ · wall_segment Palisade Wall x1 |
| 16:24 | OS+ | R4v3N_ · wall_segment Palisade Wall x6 |
| 16:33 | Oni.DauT · wall_segment Palisade Wall x2 |
| 16:58 | Oni.DauT · first_building Dock |
| 18:21 | OS+ | R4v3N_ · first_building Dock |
| 20:54 | OS+ | R4v3N_ · age_up feudal |
| 21:13 | Oni.DauT · age_up feudal |
| 21:58 | OS+ | R4v3N_ · first_market_sell 100 wood |
| 24:39 | OS+ | R4v3N_ · age_up castle |
| 24:44 | OS+ | R4v3N_ · first_building Castle |
| 24:45 | Oni.DauT · age_up castle |
| 25:00 | OS+ | R4v3N_ · first_market_buy 100 food |
| 25:32 | Oni.DauT · first_building Castle |
| 26:06 | Oni.DauT · first_building Monastery |
| 26:26 | Oni.DauT · first_market_buy 100 food |
| 27:02 | Oni.DauT · first_market_sell 100 wood |
| 29:27 | OS+ | R4v3N_ · first_building Siege Workshop |
| 30:22 | Oni.DauT · age_up imperial |
| 31:38 | Oni.DauT · first_building Siege Workshop |
| 33:27 | OS+ | R4v3N_ · first_building Monastery |
| 33:36 | Oni.DauT · wall_segment Palisade Wall x1 |
| 33:50 | Oni.DauT · wall_segment Palisade Wall x1 |
| 35:48 | OS+ | R4v3N_ · resign |
[ AI ANALYSIS · 1 CREDIT ]
What really happened in this match?
Wolo.gg analyzes every decision: build order, eco, micro, common mistakes by bracket. Personalized analysis on WhatsApp or Discord in 30 seconds.
Civ guide
Koreans
Perfil
Jugador #198035